 Dungeon Crawl Stone Soup version 0.20.1-1-g8b1a95d (webtiles) character file.

2940 dvd the Transmogrifier (level 9, -7/37 HPs)
             Began as a Felid Transmuter on Oct 6, 2017.
             Was an Initiate of Sif Muna.
             Killed by divine providence
             ... invoked by an orc priest
              (16 damage)
             ... on level 7 of the Dungeon.
             The game lasted 00:29:51 (10253 turns).

dvd the Transmogrifier (Felid Transmuter)          Turns: 10253, Time: 00:29:52

Health: -7/37      AC:  2    Str:  6    XL:     9   Next: 51%
Magic:  14/17      EV: 22    Int: 18    God:    Sif Muna [......]
Gold:   407        SH:  0    Dex: 19    Spells: 6/18 levels left
                                        Lives:  0   Deaths: 2

rFire    . . .     SeeInvis +     - Unarmed
rCold    . . .     Gourm    .   (shield unavailable)
rNeg     . . .     Faith    .   (armour unavailable)
rPois    .         Spirit   .   (helmet unavailable)
rElec    .         Reflect  .   (cloak unavailable)
rCorr    .         Harm     .   (gloves unavailable)
MR       +....                  (boots unavailable)
Stlth    ++........             r - amulet of magic regeneration
Regen    0.2/turn               i - ring of flight
MPRegen  0.3/turn               m - +3 ring of dexterity

@: blade paws (expiring), quick
A: no armour, no weapons or thrown items, stealth, claws 1, fangs 3, see
invisible, carnivore 3, speed 1, shaggy fur 2, slow metabolism 1
a: End Transformation, Renounce Religion, Evoke Flight


You were on level 7 of the Dungeon.
You worshipped Sif Muna.
Sif Muna was noncommittal.
You were completely stuffed.
You had blades for front paws.
You visited 2 branches of the dungeon, and saw 8 of its levels.
You also visited: Sewer.

You collected 407 gold pieces.

Inventory:

Missiles
 a - 69 arrows
Jewellery
 i - a ring of flight (left scythe-like blade)
 l - an uncursed amulet of rage
 m - a +3 ring of dexterity (right scythe-like blade)
 r - an amulet of magic regeneration (around neck)
Wands
 p - a wand of polymorph (15/24)
 t - a wand of disintegration (11/24)
 u - a wand of digging (23/24)
 w - a wand of random effects (4/48)
 x - a wand of random effects (31/48)
 D - a wand of acid (8/15)
Scrolls
 d - a scroll of fear
 e - a scroll of identify
 k - 6 scrolls of teleportation
 n - 3 scrolls of remove curse
 C - 2 scrolls of fog
Potions
 g - 2 potions of heal wounds
 h - 5 potions of curing
 j - 3 potions of brilliance
 o - 2 potions of mutation {unknown}
 q - 2 potions of flight
 s - a potion of lignification {unknown}
 v - a potion of magic
 z - a potion of haste {unknown}
 A - a potion of agility
Books
 b - a book of Changes

   Spells                             Type                      Level
   a - Beastly Appendage              Transmutation                1
   b - Sticks to Snakes               Transmutation                2
   c - Spider Form                    Transmutation/Poison         3
   d - Ice Form                       Ice/Transmutation            4
   e - Blade Hands                    Transmutation                5
Comestibles
 c - 5 meat rations
 f - 3 royal jellies
 B - 3 chunks of flesh


   Skills:
 + Level 2.3 Fighting
 + Level 6.3 Dodging
 + Level 5.1 Stealth
 + Level 8.2 Unarmed Combat
 + Level 5.2 Spellcasting
 * Level 8.7 Transmutations
 + Level 1.4 Ice Magic
 + Level 0.9 Evocations


You had 6 spell levels left.
You knew the following spells:

 Your Spells              Type           Power        Failure   Level  Hunger
a - Ice Form              Ice/Tmut       ###.....     56%         4    ####...
b - Spider Form           Tmut/Pois      ###.......   36%         3    ##.....
c - Blade Hands           Tmut           #####.....   45%         5    ######.


Dungeon Overview and Level Annotations

Branches:
Dungeon (7/15)             Temple (1/1) D:7

Altars:
Ashenzari
Cheibriados
Fedhas
Gozag
Hepliaklqana
Kikubaaqudgha
Makhleb
Nemelex Xobeh
Okawaru
Qazlal
Ru
Sif Muna
Trog
Uskayaw
Vehumet
Xom
Yredelemnul
Zin


Innate Abilities, Weirdness & Mutations

You cannot wear armour.
You are incapable of wielding weapons or throwing items.
Your paws allow you to move quietly. (Stealth)
You have sharp claws.
You have razor-sharp teeth.
You have supernaturally acute eyesight. (SInv)
You are carnivorous and can eat meat at any time.
You cover ground quickly.
You are covered in thick fur. (AC +2)
You have a slow metabolism.
((Your sharp claws are effective at attacking unaware monsters.))


Message History

You barely miss the orc. You bite the orc, but do no damage.
The orc is moderately wounded.
Your transformation is almost over.
The orc hits you but does no damage.
You slash the orc!
You kill the orc!
Sif Muna accepts your kill.
You slash the orc warrior!
You slash the orc warrior, but do no damage.
You bite the orc warrior, but do no damage.
The orc warrior is moderately wounded.
The orc warrior hits you with a battleaxe!!
Ouch! That really hurt!
* * * LOW HITPOINT WARNING * * *
You slice the orc warrior!!
You bite the orc warrior, but do no damage.
The orc warrior is almost dead.
The orc priest mumbles some strange prayers to Beogh against you.
Beogh smites you!
You die...

########################
.......................#
######################.#
# ..# #.# ############.
#.# #.#
.............###.# #.#
.................#####.#
..#########..........#.#
....... ........@.....>#
..####.#.##....oo....#.#
..# #.# ####.........#
..# #.# #o######### ..#
#.# #. #.# #.# #. ..#
#.# .. ######.# ##
.......#


You could see an orc warrior, an orc priest and an orc.

Vanquished Creatures
  The ghost of othur the Cleaver, a novice MiFi of Okawaru (D:5)
  Prince Ribbit (D:5)
  A black bear (D:7)
  An ice beast (D:5)
  2 phantoms
  3 ogres
  A sky beast (D:7)
  A centaur (D:6)
  3 big kobolds (Sewer)
  4 bullfrogs
  A scorpion (D:6)
  A water moccasin skeleton (D:5)
  A vampire bat (D:3)
  A howler monkey (D:5)
  3 electric eels (D:6)
  3 crimson imps
  4 hounds
  3 orc wizards
  An orc priest (D:5)
  Crazy Yiuf (D:2)
  2 bullfrog skeletons
  Terence (D:2)
  3 iguanas
  Ijyb (D:3)
  Natasha (thrice) (D:3)
  3 worker ants
  2 hound zombies
  A worker ant zombie (D:5)
  15 adders
  4 gnolls (D:7)
  10 river rats (Sewer)
  3 oozes
  An adder skeleton (D:7)
  4 worms
  11 dart slugs
  3 fire bats (D:3)
  5 leopard geckos
  11 orcs
  2 spectral bats (D:3)
  3 bat skeletons (D:3)
  A bat zombie (D:3)
  25 giant cockroaches
  7 goblins
  7 hobgoblins
  13 jackals
  20 kobolds
  3 quokkas
  3 ball pythons
  13 bats
  A bat simulacrum (D:3)
  4 frilled lizards
  A quokka skeleton (D:6)
  21 rats
244 creatures vanquished.

Vanquished Creatures (others)
  A giant cockroach (D:6)
1 creature vanquished.

Grand Total: 245 creatures vanquished

Notes
Turn   | Place    | Note
-------+----------+-------------------------------------------
     0 | D:1      | dvd the Felid Transmuter began the quest for the Orb.
     0 | D:1      | Reached XP level 1. HP: 9/9 MP: 4/4
   303 | D:1      | Reached XP level 2. HP: 12/12 MP: 6/6
   931 | D:2      | Noticed Terence
  1154 | D:2      | Reached XP level 3. HP: 15/15 MP: 5/7
  1159 | D:2      | Learned a level 3 spell: Spider Form
  1419 | D:2      | Reached skill level 1 in Stealth
  1686 | D:2      | Found a sparkling altar of Nemelex Xobeh.
  1764 | D:2      | Found a runed door.
  1869 | D:2      | Reached XP level 4. HP: 5/19 MP: 8/8
  1883 | D:2      | Succumbed to an adder's poison
  1884 | D:2      | Reached XP level 3. HP: 0/15 MP: 5/7
  1964 | D:2      | Noticed Crazy Yiuf
  1971 | D:2      | Killed Crazy Yiuf
  1971 | D:2      | Reached XP level 4. HP: 3/19 MP: 2/8
  2442 | D:3      | Noticed Natasha
  2454 | D:3      | Killed Natasha
  2464 | D:3      | Reached XP level 5. HP: 19/22 MP: 7/9
  2638 | D:3      | Noticed Natasha
  2645 | D:3      | Killed Natasha
  2653 | D:3      | Found a radiant altar of Vehumet.
  2825 | D:3      | Noticed Ijyb
  2833 | D:3      | Killed Ijyb
  2877 | D:3      | Gained mutation: You are covered in thick fur. (AC +2) [Felid growth]
  2877 | D:3      | Reached XP level 6. HP: 21/25 MP: 8/11
  3198 | D:3      | Noticed Natasha
  3218 | D:3      | Killed Natasha
  3312 | D:3      | Reached skill level 5 in Unarmed Combat
  3694 | D:4      | Learned a level 4 spell: Ice Form
  3819 | D:4      | Found a glowing drain.
  3851 | Sewer    | Entered a sewer
  3886 | Sewer    | Reached XP level 7. HP: 10/28 MP: 12/12
  4279 | Sewer    | Reached skill level 5 in Transmutations
  4300 | Sewer    | Slain by a river rat
  4301 | Sewer    | Reached XP level 6. HP: 0/26 MP: 6/11
  4836 | Sewer    | Reached XP level 7. HP: 7/29 MP: 10/13
  4875 | Sewer    | Learned a level 5 spell: Blade Hands
  5377 | D:4      | Reached skill level 5 in Dodging
  6059 | D:5      | Entered Level 5 of the Dungeon
  6191 | D:5      | Reached XP level 8. HP: 33/33 MP: 7/14
  6310 | D:5      | Noticed Prince Ribbit
  6766 | D:5      | Found an iron altar of Okawaru.
  7027 | D:5      | Killed Prince Ribbit
  7078 | D:5      | Noticed othur's ghost (novice MiFi)
  7087 | D:5      | Killed othur's ghost
  7087 | D:5      | Reached skill level 1 in Ice Magic
  7436 | D:6      | Found a glowing silver altar of Zin.
  7437 | D:6      | Noticed an angel
  7548 | D:6      | Found a snail-covered altar of Cheibriados.
  7681 | D:6      | Reached XP level 9. HP: 36/36 MP: 17/17
  8942 | D:6      | Reached skill level 5 in Spellcasting
  9176 | D:6      | Found a bloodstained altar of Trog.
  9241 | D:6      | Found a shimmering altar of Xom.
  9321 | D:2      | Killed Terence
  9781 | D:7      | Reached skill level 5 in Stealth
  9803 | D:7      | Found a staircase to the Ecumenical Temple.
  9810 | Temple   | Entered the Ecumenical Temple
 10082 | Temple   | Became a worshipper of Sif Muna the Loreminder
 10101 | D:7      | Found a burning altar of Makhleb.
 10161 | D:7      | Found a hazy altar of Hepliaklqana.
 10173 | D:7      | Found a shattered altar of Ashenzari.
 10253 | D:7      | Killed from afar by an orc priest

Skill      XL: |  1  2  3  4  5  6  7  8  9 |
---------------+----------------------------+-----
Dodging        | 3 4 5 6 |  6.3
Transmutations | 3 4 6 7 8 |  8.7
Stealth        | 1 2 3 4 5 |  5.1
Unarmed Combat | 4 6 7 8 |  8.2
Spellcasting   | 3 4 5 |  5.2
Fighting       | 2 |  2.3
Ice Magic      | 1 |  1.4
Evocations     | |  0.9

Action                   |  1- 3 |  4- 6 |  7- 9 || total
-------------------------+-------+-------+-------++-------
Melee: Unarmed           |   114 |   243 |   357 ||   714
       Headbutt          |    13 |     3 |       ||    16
       Bite              |     8 |     3 |    16 ||    27
       Punch             |       |     2 |     2 ||     4
 Cast: Beastly Appendage |    22 |     4 |       ||    26
       Spider Form       |     2 |    24 |    24 ||    50
       Ice Form          |       |       |     6 ||     6
       Blade Hands       |       |       |    20 ||    20
 Abil: End Transformatio |       |       |     1 ||     1
Evoke: Wand              |       |       |    11 ||    11
  Use: Potion            |       |     6 |     7 ||    13
       Scroll            |       |     8 |     6 ||    14
 Stab: Sleeping          |     5 |     6 |     4 ||    15
       Distracted        |       |     1 |       ||     1
       Paralysed         |       |       |     1 ||     1
  Eat: Chunk             |    11 |    14 |    29 ||    54
Armor: Skin              |     3 |    29 |    21 ||    53
Dodge: Dodged            |    93 |   277 |   347 ||   717
